Map: Cañón atribulado

Players

TATORREA - Winner!

  • Race: Protoss Protoss
  • League: Gold
  • Spawn Location: 12:00

tigro - Winner!

  • Race: Terran Terran
  • League: Bronze
  • Spawn Location: 12:00

MrFercho - Winner!

  • Race: Zerg Zerg
  • League: Silver
  • Spawn Location: 3:00

Dolarcraft

  • Race: Protoss Protoss
  • League: Silver
  • Spawn Location: 6:00

STARDRICHARS

  • Race: Protoss Protoss
  • Spawn Location: 6:00

Donvito

  • Race: Terran Terran
  • Spawn Location: 7:00

VOD

Have the link to the VOD?

Description

Time

  • Played on: July 2, 2020, 9:13 p.m.
  • Length: 14:09
Show
View Real Time Build Order
Export as new Build Order

TATORREA Protoss - Winner!

Build Orders:  

Get SALT Encoding   

  12  0:01  Probe  
  13  0:14  Probe  
  14  0:21  Pylon  
  14  0:26  Probe  
  15  0:39  Probe  
  16  0:45  Gateway  
  16  0:51  Probe  
  17  1:00  Probe  
  17  1:03  Assimilator  
  18  1:08  Pylon, Probe  
  18  1:17  Probe  
  20  1:28  Assimilator  
  20  1:29  Probe  
  21  1:33  Cybernetics Core  
  21  1:41  Probe  
  22  1:53  Probe  
  23  2:05  Probe, Nexus  
  24  2:13  Pylon  
  24  2:17  Probe  
  25  2:22  Warp Gate  
  26  2:30  Stalker, Probe  
  28  2:42  Probe  
  29  2:46  Pylon  
  29  2:55  Probe  
  30  2:59  Robotics Facility  
  30  3:05  Gateway  
  30  3:07  Probe  
  30  3:09  Sentry  
  33  3:18  Probe  
  33  3:19  Probe  
  35  3:28  Gateway  
  35  3:30  Probe  
  35  3:31  Probe  
  37  3:49  Assimilator  
  37  3:53  Probe  
  37  3:54  Assimilator, Probe  
  39  3:56  Stargate  
  39  3:58  Stargate  
  39  4:13  Nexus  
  39  4:18  Pylon, Probe  
  39  4:20  Probe  
  41  4:32  Probe x2  
  43  4:42  Immortal  
  43  4:44  Probe x2  
  49  4:46  Stalker  
  49  4:50  Stalker  
  53  4:56  Probe  
  53  4:58  Probe  
  55  5:01  Stalker  
  57  5:12  Protoss Air Weapons Level 1  
  57  5:17  Probe  
  57  5:18  Probe  
  59  5:23  Fleet Beacon  
  59  5:25  Probe  
  60  5:32  Probe x2  
  62  5:38  Probe  
  62  5:39  Phoenix x2  
  67  5:46  Probe x2  
  69  5:50  Probe  
  69  5:52  Stalker  
  69  5:53  Stalker  
  69  5:54  Stalker  
  76  5:58  Probe x2  
  76  6:02  Probe  
  79  6:04  Phoenix  
  79  6:06  Anion Pulse-Crystals  
  79  6:08  Phoenix  
  83  6:11  Probe  
  83  6:12  Probe  
  85  6:34  Pylon  
  85  6:38  Nexus  
  85  6:41  Pylon  
  85  6:52  Probe x3  
  88  7:04  Probe x3  
  88  7:07  Pylon  
  91  7:10  Pylon  
  91  7:12  Phoenix x2  
  91  7:13  Pylon  
  95  7:19  Stalker x2, Pylon  
  95  7:21  Pylon  
  99  7:24  Protoss Air Weapons Level 2  
  99  7:25  Pylon  
  99  7:26  Stalker  
  101  7:37  Phoenix x2  
  105  7:46  Assimilator, Probe x3  
  105  7:49  Assimilator  
  108  7:51  Probe  
  108  7:55  Assimilator  
  109  7:58  Probe x2  
  109  8:01  Assimilator  
  109  8:02  Phoenix x2  
  97  8:33  Phoenix x2  
  89  8:36  Stalker x2  
  89  8:37  Stalker  
  83  9:04  Stargate  
  83  9:05  Stargate  
  83  9:13  Phoenix x2  
  87  9:23  Probe x3  
  87  9:24  Probe  
  91  9:29  Stalker x2  
  91  9:30  Stalker  
  97  9:39  Gateway  
  97  9:42  Gateway  
  97  9:44  Gateway  
  97  9:46  Gateway  
  97  9:47  Gateway  
  97  9:51  Pylon  
  97  9:54  Pylon  
  97  9:57  Pylon  
  97  9:58  Phoenix x2  
  97  9:59  Phoenix x2  
  105  10:04  Pylon  
  105  10:06  Stalker x2  
  109  10:07  Stalker  
  109  10:13  Twilight Council  
  111  10:15  Forge  
  111  10:16  Forge  
  111  10:20  Forge  
  111  10:23  Phoenix x2  
  111  10:24  Phoenix x2  
  119  10:41  Protoss Ground Armor Level 1, Protoss Ground Weapons Level 1  
  119  10:42  Protoss Shields Level 1  
  119  10:46  Probe x3  
  119  10:47  Probe  
  119  10:48  Phoenix x2  
  119  10:49  Phoenix x2  
  131  10:55  Blink  
  131  11:10  Stalker  
  131  11:11  Stalker x2  
  135  11:12  Protoss Air Weapons Level 3, Stalker  
  135  11:13  Phoenix x2  
  135  11:14  Phoenix  
  113  12:00  Phoenix x4  
  121  12:16  Stalker x4  
  121  12:17  Stalker x4  
  137  12:25  Phoenix x4  
  145  12:41  Stalker  
  145  12:42  Stalker x5  
  145  12:43  Stalker x2  
  161  12:46  Immortal  
  105  13:59  Stalker x4  
  105  14:00  Stalker x4  
Show
View Real Time Build Order
Export as new Build Order

tigro Terran - Winner!

Build Orders:  

Get SALT Encoding   

  12  0:03  SCV  
  13  0:15  SCV  
  14  0:21  Supply Depot  
  14  0:27  SCV  
  15  0:39  Refinery  
  15  0:43  SCV  
  15  0:49  Barracks  
  16  0:55  SCV  
  17  1:04  Refinery  
  17  1:07  SCV  
  18  1:19  SCV  
  18  1:23  Supply Depot  
  19  1:31  SCV  
  20  1:39  Marine  
  21  1:52  Barracks  
  21  1:53  SCV  
  22  1:56  Marine  
  23  2:05  SCV  
  24  2:14  Marine  
  25  2:17  Engineering Bay, SCV  
  26  2:32  Marine  
  27  2:41  Barracks Tech Lab, Factory  
  27  2:46  Orbital Command  
  27  2:48  Terran Infantry Weapons Level 1  
  27  2:50  Marine  
  28  3:06  Combat Shield  
  28  3:15  Barracks Reactor  
  28  3:35  Factory Tech Lab  
  28  3:51  Command Center  
  28  3:59  Starport  
  28  4:12  Marine  
  28  4:13  Marine x2  
  31  4:25  Stimpack  
  31  4:30  Marine x3, Siege Tank  
  37  4:39  Medivac  
  37  4:42  Terran Infantry Armor Level 1  
  39  4:55  Marine  
  40  5:00  Starport  
  40  5:34  Refinery  
  40  5:36  SCV  
  40  5:40  Starport Tech Lab x2  
  41  5:43  Siege Tank  
  41  5:48  SCV  
  45  6:00  SCV  
  46  6:09  Refinery  
  46  6:12  SCV  
  47  6:23  Supply Depot  
  47  6:24  SCV  
  48  6:36  Hi-Sec Auto Tracking, SCV  
  49  6:48  Supply Depot, SCV  
  50  7:00  SCV  
  51  7:01  Medivac  
  53  7:12  SCV  
  53  7:13  Supply Depot  
  54  7:25  SCV  
  55  7:33  Neosteel Armor  
  55  7:35  Marine x3  
  58  7:38  Fusion Core  
  58  7:53  Marine x3  
  60  8:11  Marine x3  
  50  8:28  Armory, Marine  
  50  8:29  Marine x2  
  44  8:46  Marine  
  44  8:47  Marine x2  
  45  8:53  Siege Tank  
  48  8:57  Medivac x2  
  52  9:04  Marine x3  
  52  9:06  Weapon Refit  
  55  9:12  SCV  
  56  9:22  Marine x3  
  56  9:24  SCV  
  60  9:25  Siege Tank  
  63  9:36  SCV  
  64  9:40  Marine x3  
  67  9:47  Missile Turret  
  67  9:48  SCV  
  68  9:58  Marine x3  
  71  10:00  SCV  
  72  10:12  SCV  
  73  10:15  Marine  
  73  10:16  Marine x2, Missile Turret  
  76  10:33  Marine x3  
  79  10:36  Missile Turret  
  79  10:46  Rapid Reignition System  
  79  10:51  Marine x3  
  82  11:09  Marine  
  79  11:11  Missile Turret  
  70  11:26  Siege Tank  
  70  11:28  Marine  
  70  11:29  Marine x2  
  75  11:34  Missile Turret  
  72  11:43  Advanced Ballistics  
  72  11:46  Marine  
  72  11:47  Marine x2  
  71  11:58  Siege Tank  
  72  12:02  Battlecruiser x2  
  72  12:04  Marine x3  
  77  12:22  Marine x3  
  69  12:30  Siege Tank  
  72  12:40  Marine x3  
  69  12:58  Marine x3  
  69  13:02  Siege Tank  
  84  13:15  Marine  
  84  13:16  Marine x2  
  84  13:33  Marine x3  
  86  13:34  Siege Tank  
Show
View Real Time Build Order
Export as new Build Order

MrFercho Zerg - Winner!

Build Orders: Hatch First, Roach Nydus 

Get SALT Encoding   

  12  0:01  Drone  
  13  0:13  Overlord  
  13  0:18  Drone  
  14  0:31  Drone x2  
  16  0:38  Drone  
  17  1:07  Hatchery  
  17  1:09  Spawning Pool  
  15  1:13  Drone  
  15  1:15  Drone  
  17  1:19  Drone  
  17  1:24  Drone  
  19  1:29  Extractor  
  18  1:35  Drone  
  19  1:45  Drone  
  20  1:57  Overlord  
  20  1:58  Queen  
  22  2:18  Drone  
  22  2:19  Queen  
  22  2:20  Drone x2  
  27  2:28  Drone  
  27  2:29  Drone  
  29  2:36  Lair, Roach Warren  
  28  2:39  Drone  
  28  2:43  Drone  
  30  2:50  Overlord  
  31  2:51  Drone  
  31  3:01  Drone  
  31  3:02  Drone  
  33  3:08  Drone  
  33  3:10  Drone x2  
  36  3:18  Drone x2  
  38  3:27  Extractor  
  38  3:31  Overlord  
  37  3:37  Extractor  
  37  3:39  Extractor  
  35  3:42  Drone x5  
  35  3:45  Hatchery  
  35  3:47  Overlord  
  39  3:50  Drone  
  40  3:58  Glial Reconstitution, Drone  
  41  4:15  Nydus Network  
  40  4:23  Spore Crawler  
  39  4:26  Spine Crawler  
  39  4:28  Roach, Spine Crawler  
  39  4:29  Roach x4  
  39  4:31  Drone  
  48  4:32  Drone  
  49  4:42  Drone  
  49  4:45  Drone x3  
  53  4:54  Zergling x2  
  53  4:55  Zergling x8  
  58  5:05  Overlord x2  
  58  5:11  Spore Crawler  
  57  5:16  Spore Crawler  
  56  5:28  Hydralisk Den  
  55  5:29  Zergling x12  
  61  5:40  Drone x4  
  61  5:41  Drone  
  66  5:56  Drone x2  
  68  6:00  Drone x5  
  68  6:03  Muscular Augments  
  73  6:07  Metabolic Boost  
  73  6:15  Evolution Chamber  
  73  6:17  Drone x2  
  74  6:18  Evolution Chamber  
  74  6:19  Overlord  
  73  6:33  Overlord  
  73  6:46  Spore Crawler  
  72  6:51  Hydralisk x8  
  88  7:02  Zerg Melee Weapons Level 1, Zerg Missile Weapons Level 1  
  88  7:05  Drone x2  
  90  7:25  Nydus Canal  
  90  7:33  Overlord x4  
  90  8:03  Hydralisk  
  90  8:04  Hydralisk x11  
  84  8:28  Hydralisk x7  
  91  8:34  Grooved Spines  
  91  8:37  Hydralisk  
  91  8:38  Hydralisk x4  
  101  8:41  Queen  
  103  8:58  Overseer  
  103  9:00  Hydralisk  
  103  9:01  Hydralisk x5  
  115  9:05  Drone x3  
  115  9:07  Zerg Missile Weapons Level 2  
  115  9:09  Zerg Ground Armor Level 1  
  118  9:38  Extractor  
  117  9:40  Extractor  
  117  9:41  Overlord  
  117  9:42  Overlord x3  
  117  9:43  Overlord x2  
  116  9:47  Drone x3  
  116  9:48  Queen  
  121  9:57  Nydus Canal  
  121  10:15  Drone x6  
  109  10:39  Hydralisk x9  
  107  11:01  Spore Crawler  
  107  11:03  Spore Crawler  
  95  11:04  Spore Crawler  
  95  11:05  Hydralisk x6  
  106  11:16  Hydralisk x3  
  100  11:29  Overseer  
  100  11:30  Spire  
  99  11:56  Hydralisk x7  
  99  11:57  Hydralisk x9  
  115  12:33  Hydralisk  
  115  12:34  Hydralisk x14  
  145  12:50  Nydus Canal  
  145  13:24  Infestation Pit  
  145  13:25  Drone x15  
Show
View Real Time Build Order
Export as new Build Order

Dolarcraft Protoss 

Build Orders: Carriers 

Get SALT Encoding   

  12  0:02  Probe  
  13  0:14  Probe  
  14  0:25  Pylon  
  14  0:27  Probe  
  15  0:43  Probe  
  15  0:44  Gateway  
  16  0:55  Probe  
  17  0:59  Forge  
  17  1:08  Probe  
  18  1:12  Gateway  
  18  1:20  Probe  
  18  1:24  Assimilator  
  19  1:29  Pylon  
  19  1:32  Probe  
  20  1:44  Probe  
  21  1:48  Cybernetics Core  
  21  1:56  Probe  
  21  1:59  Assimilator  
  22  2:16  Nexus  
  22  2:20  Probe  
  23  2:26  Warp Gate  
  23  2:32  Probe  
  24  2:44  Probe  
  24  2:46  Photon Cannon  
  25  2:52  Pylon  
  25  2:56  Probe  
  26  3:07  Photon Cannon  
  26  3:14  Photon Cannon  
  26  3:25  Probe  
  27  3:33  Stargate  
  27  3:37  Probe  
  28  3:47  Robotics Facility  
  28  3:53  Probe  
  29  3:58  Probe  
  30  4:05  Probe  
  31  4:10  Probe  
  31  4:15  Assimilator  
  32  4:17  Probe  
  32  4:20  Phoenix  
  32  4:22  Probe  
  36  4:27  Protoss Air Weapons Level 1  
  36  4:30  Assimilator, Probe  
  37  4:34  Probe  
  38  4:39  Pylon  
  38  4:43  Pylon, Protoss Shields Level 1  
  38  4:47  Probe  
  39  5:04  Void Ray  
  43  5:16  Observer  
  44  5:23  Probe  
  46  5:35  Probe  
  46  5:47  Probe  
  47  5:50  Fleet Beacon  
  47  5:59  Probe  
  48  6:05  Stargate  
  48  6:12  Probe  
  48  6:15  Photon Cannon  
  48  6:17  Photon Cannon  
  49  6:22  Photon Cannon  
  49  6:24  Probe  
  50  6:28  Photon Cannon  
  50  6:36  Probe  
  50  6:39  Protoss Air Armor Level 1  
  51  6:48  Probe  
  50  7:05  Carrier x2  
  50  7:07  Pylon  
  62  7:09  Pylon  
  62  7:12  Pylon  
  62  7:24  Observer  
  63  7:33  Nexus  
  63  7:38  Photon Cannon  
  63  7:40  Photon Cannon  
  63  7:42  Photon Cannon  
  63  7:44  Photon Cannon  
  63  7:46  Photon Cannon  
  63  7:48  Photon Cannon  
  62  8:19  Carrier x2  
  74  9:02  Pylon  
  74  9:06  Photon Cannon  
  74  9:16  Stargate  
  74  9:23  Pylon  
  74  9:24  Pylon  
  74  9:26  Pylon  
  74  9:41  Carrier x2  
  86  9:51  Pylon  
  86  9:53  Pylon  
  86  9:56  Pylon  
  86  9:59  Protoss Air Weapons Level 2  
  86  10:02  Nexus  
  86  10:08  Assimilator  
  86  10:10  Carrier  
  86  10:13  Assimilator  
  91  10:51  Carrier  
  91  10:52  Carrier  
  97  11:52  Pylon  
  97  11:54  Pylon  
  97  11:56  Pylon  
  97  11:57  Pylon  
  97  11:59  Pylon  
  91  12:10  Carrier  
  91  12:12  Carrier x2  
  67  13:15  Robotics Bay  
  67  13:27  Pylon  
Show
View Real Time Build Order
Export as new Build Order

STARDRICHARS Protoss 

Build Orders:  

Get SALT Encoding   

  12  0:01  Probe  
  13  0:12  Probe  
  14  0:20  Probe  
  14  0:23  Pylon  
  15  0:41  Probe  
  16  0:50  Gateway  
  16  0:53  Probe  
  16  0:54  Assimilator  
  17  1:04  Probe  
  17  1:07  Pylon  
  18  1:12  Probe  
  19  1:20  Probe  
  20  1:37  Forge  
  20  1:39  Probe  
  21  1:48  Cybernetics Core  
  21  1:51  Probe  
  21  1:52  Assimilator  
  22  2:03  Probe  
  23  2:11  Pylon  
  23  2:14  Photon Cannon  
  23  2:18  Probe  
  23  2:19  Photon Cannon  
  24  2:26  Probe  
  24  2:35  Probe  
  25  2:42  Nexus  
  26  2:50  Probe  
  27  3:03  Probe  
  28  3:09  Pylon  
  28  3:15  Probe  
  29  3:23  Pylon  
  29  3:27  Pylon  
  29  3:28  Probe  
  29  3:31  Assimilator  
  30  3:36  Probe  
  30  3:37  Photon Cannon  
  31  3:49  Protoss Air Weapons Level 1  
  31  3:50  Stargate  
  31  3:53  Stargate  
  31  3:57  Probe  
  31  4:00  Probe  
  33  4:08  Probe  
  33  4:09  Probe  
  34  4:16  Probe  
  35  4:21  Probe  
  37  4:26  Probe  
  38  4:33  Probe  
  39  4:38  Probe  
  39  4:43  Photon Cannon  
  40  4:46  Probe  
  40  4:48  Photon Cannon  
  40  4:50  Probe  
  40  4:51  Assimilator  
  42  4:59  Void Ray  
  46  5:03  Probe  
  46  5:04  Void Ray  
  51  5:13  Probe  
  51  5:15  Probe  
  53  5:21  Probe  
  53  5:27  Probe  
  55  5:29  Probe  
  55  5:32  Stargate  
  55  5:35  Pylon  
  56  5:38  Protoss Air Armor Level 1  
  56  5:39  Probe  
  56  5:40  Pylon  
  56  5:41  Probe  
  58  5:51  Probe  
  58  5:53  Probe  
  60  6:02  Probe  
  60  6:03  Probe  
  61  6:10  Probe  
  62  6:16  Void Ray  
  67  6:21  Void Ray  
  67  6:22  Void Ray  
  75  6:27  Pylon  
  75  6:30  Pylon  
  75  6:40  Pylon  
  75  6:49  Stargate  
  75  7:07  Probe  
  76  7:19  Probe  
  76  7:20  Void Ray  
  81  7:28  Fleet Beacon  
  81  7:47  Void Ray x2  
  81  7:48  Void Ray  
  88  8:43  Phoenix x3  
  88  8:44  Phoenix  
  96  9:06  Nexus  
  96  9:13  Pylon  
  96  9:16  Pylon  
  96  9:26  Void Ray x4  
  112  9:35  Assimilator  
  112  10:08  Void Ray  
  112  10:09  Void Ray, Phoenix  
  112  10:12  Protoss Air Weapons Level 2  
  90  11:11  Probe  
  91  11:19  Probe  
  92  11:32  Assimilator  
  92  11:37  Void Ray x4  
  88  12:19  Void Ray  
  88  12:20  Void Ray x3  
  98  13:08  Void Ray  
  98  13:09  Void Ray x2  
Show
View Real Time Build Order
Export as new Build Order

Donvito Terran 

Build Orders:  

Get SALT Encoding   

  12  0:02  SCV  
  13  0:18  Supply Depot  
  13  0:24  SCV  
  14  0:36  SCV  
  15  0:43  Barracks  
  15  0:56  Supply Depot  
  15  1:08  Barracks  
  15  1:10  SCV, Refinery  
  16  1:18  Refinery  
  16  1:30  Marine  
  17  1:43  Orbital Command  
  17  1:48  Marine  
  18  1:56  Barracks Reactor  
  18  2:04  Engineering Bay  
  18  2:17  SCV  
  19  2:23  Marine  
  19  2:29  SCV  
  21  2:41  SCV  
  22  2:45  Factory  
  22  2:47  Marine  
  22  2:50  Marine  
  24  3:03  SCV  
  25  3:06  Terran Infantry Weapons Level 1  
  25  3:18  SCV  
  26  3:30  SCV  
  27  3:35  Marine  
  28  3:43  SCV  
  29  3:50  Factory Tech Lab  
  29  3:55  SCV  
  30  4:02  Command Center  
  30  4:07  SCV  
  31  4:14  Supply Depot  
  31  4:30  Missile Turret  
  31  4:36  Siege Tank  
  31  4:37  Supply Depot  
  34  4:45  SCV  
  35  4:57  SCV  
  36  5:02  Supply Depot  
  36  5:14  Orbital Command  
  36  5:15  Refinery  
  36  5:17  SCV  
  36  5:18  Starport  
  37  5:23  Siege Tank  
  40  5:38  Armory  
  40  5:50  SCV  
  41  6:03  SCV  
  42  6:08  Refinery  
  42  6:15  SCV  
  43  6:19  SCV  
  44  6:27  Armory, SCV  
  44  6:31  SCV  
  46  6:36  Starport  
  46  6:39  SCV  
  47  6:40  Starport Tech Lab  
  47  6:43  Terran Ship Weapons Level 1, SCV  
  47  6:44  Terran Infantry Weapons Level 2  
  48  6:51  SCV  
  49  6:55  SCV  
  49  6:58  Fusion Core  
  50  7:03  SCV  
  51  7:13  Starport  
  51  7:15  SCV  
  52  7:23  Starport Reactor  
  52  7:27  SCV  
  53  7:30  Terran Vehicle And Ship Armor Level 1  
  53  7:39  SCV  
  54  7:50  Missile Turret  
  54  7:51  Starport, SCV  
  54  7:54  Battlecruiser  
  61  8:02  Supply Depot  
  61  8:03  SCV  
  62  8:11  Missile Turret  
  62  8:17  Marine  
  62  8:23  Marine x2  
  62  8:24  Supply Depot  
  63  8:35  Marine  
  63  8:41  Marine x2  
  65  8:53  Marine  
  66  8:57  Missile Turret  
  66  8:58  Marine x2  
  66  9:00  Hi-Sec Auto Tracking, Terran Ship Weapons Level 2  
  68  9:10  Marine, Starport Tech Lab  
  68  9:12  Starport Tech Lab  
  68  9:16  Marine x2, Missile Turret  
  77  9:17  Battlecruiser  
  77  9:29  Supply Depot  
  78  9:37  Marine  
  78  9:40  Supply Depot  
  78  9:50  Marine  
  78  9:52  Supply Depot  
  79  10:02  Supply Depot  
  79  10:08  Battlecruiser  
  91  10:14  Battlecruiser  
  91  10:30  Supply Depot  
  85  10:45  Terran Vehicle And Ship Armor Level 2  
  68  11:05  Marine x2  
  70  11:23  Marine x2  
  46  11:41  Marine x2  
  49  11:59  Marine  
  49  12:10  Missile Turret  
  49  12:13  Marine  
  46  12:30  Marine  
  46  12:31  Starport Tech Lab  
  46  12:47  Factory  
  46  12:48  Marine  
  46  12:57  Battlecruiser x2  
  46  12:58  Battlecruiser x2  
  69  13:15  Barracks  
Tags
 
Add a new tag
Caveats
  • Supply blocks, unpowered buildings, or Contaminate may cause inaccurate times.
  • Supply counts are checked every 10 seconds.